 Dungeon Crawl Stone Soup version 0.31.0-1-g2c135a008e (webtiles) character file.

Game seed: 16086113829847052446

483 qw the Shooter (level 7, 0/52 HPs)
             Began as a Djinni Hunter on Jan 23, 2024.
             Was an Initiate of Okawaru.
             Slain by Duvessa
             ... wielding a +2 short sword of electrocution
              (2 damage)
             ... on level 5 of the Dungeon.
             The game lasted 00:00:19 (3896 turns).

qw the Shooter (Djinni Hunter)                      Turns: 3896, Time: 00:00:19

Health: 0/52       AC:  9    Str: 16    XL:     7   Next: 34%
Gold:   22         EV: 13    Int: 10    God:    Okawaru [......] SH:  0 Dex: 19

rFire   + + .        a - +0 shortbow
rCold   x x .        (shield currently unavailable)
rNeg    . . .        l - +0 ring mail
rPois   inf          i - +0 helmet
rElec   .            e - +2 cloak
rCorr   .            (no gloves)
SInv    .            (boots unavailable)
Will    .....        (no amulet)
Stlth   ++           d - +6 ring of strength
HPRegen 0.28/turn    (no ring)
MPRegen 0.00/turn

%: infuse magic (-1 HP)
@: flying, hasted, very quick
A: sickness immunity, fire resistance 2, cold vulnerability 2, float, innate
caster, HP casting, extra vitality 1, subdued magic 1, sturdy frame 1
a: Renounce Religion


You were on level 5 of the Dungeon.
You worshipped Okawaru.
Okawaru was noncommittal.
You visited 1 branch of the dungeon, and saw 5 of its levels.

You collected 244 gold pieces.
You spent 222 gold pieces at shops.


Innate Abilities, Weirdness & Mutations

You are immune to sickness and miasma.
You are immune to poison.
Your flesh is very heat resistant. (rF++)
You are very vulnerable to cold. (rC--)
You float through the air rather than walking.
You learn spells naturally, not from books.
Your magical power is your life essence.
You have superior vitality. (+4 MHP)
Your spells are a little easier to cast, but a little less powerful.
Your movements are slightly less encumbered by armour. (ER -2)


   Skills:
 - Level 4.2 Fighting
 + Level 5.8 Ranged Weapons
 - Level 1.0 Armour
 - Level 3.0 Dodging
 - Level 0.7 Stealth


You knew the following spells:

 Your Spells              Type           Power      Damage    Failure   Level
a - Sting                 Conj/Alch      0%         1d3       41%         1
b - Blink                 Tloc           0%         N/A       56%         2
c - Dazzling Flash        Conj/Hex       0%         N/A       80%         3
Your spell library was empty.

Inventory:

Hand Weapons
 a - a +0 shortbow (weapon)
Armour
 e - a +2 cloak (worn)
 i - a +0 helmet (worn)
 l - a +0 ring mail (worn)
Jewellery
 d - a +6 ring of strength (left hand)
Wands
 f - a wand of paralysis (8)
 h - a wand of mindburst (16)
Scrolls
 b - 4 scrolls of identify
Potions
 c - 2 potions of curing
 g - a potion of haste

Dungeon Overview and Level Annotations

Branches:
Dungeon (5/15)
 Temple: D:4-7

Altars:
Dithmenos
Gozag
Nemelex Xobeh
Okawaru

Shops:
D:4 :?*=

Annotations:
D:5 Dowan, Duvessa


Message History

Duvessa hits you but does no damage.
The shadow imp hits you but does no damage.
You shoot an arrow. The arrow barely misses the shadow imp.
Duvessa hits you but does no damage. The shadow imp hits you.
Dowan gestures wildly while chanting.
Dowan blinks!
You shoot an arrow.
The arrow hits the shadow imp but does no damage.
The shadow imp is severely wounded.
Duvessa hits you with a +2 short sword of electrocution.
You are electrocuted!!
The shadow imp hits you but does no damage.
Dowan points at you and mumbles some strange words.
The puff of flame misses you.
You shoot an arrow. The arrow hits the shadow imp.
The shadow imp is almost dead.
You shoot an arrow. The arrow hits the shadow imp!
You kill the shadow imp!
Okawaru accepts your kill.
Duvessa hits you with a +2 short sword of electrocution.
You shoot an arrow. The arrow hits Duvessa.
Duvessa is lightly wounded.
Duvessa hits you with a +2 short sword of electrocution.
You are electrocuted!
Dowan mumbles some strange words.
Dowan blinks!
You shoot an arrow. The arrow hits Dowan.
Dowan is heavily wounded.
You shoot an arrow.
The arrow hits Dowan but does no damage.
Dowan is heavily wounded.
Duvessa hits you with a +2 short sword of electrocution.
Dowan gestures at you while chanting.
You easily resist.
You shoot an arrow. The arrow hits Dowan.
Dowan is severely wounded.
Dowan misses you. Duvessa misses you.
You shoot an arrow. The arrow barely misses Dowan.
Duvessa hits you with a +2 short sword of electrocution.
You die...

##..............
#...............
#..ยค..........P.
#...............
#..............P
#...............
#........e.[....
#...%..@.......
##..<.e##......
####### .....
.... ... .. .


You could see Duvessa and Dowan.

Vanquished Creatures
  A hound (D:4)
  2 jellies
  2 orc priests
  2 iguanas
  3 orc wizards
  Ijyb (D:3)
  7 adders
  A shadow imp (D:5)
  5 dart slugs
  3 ribbon worms
  6 orcs
  6 ball pythons
  4 bats
  10 endoplasms
  6 giant cockroaches
  5 goblins
  8 hobgoblins
  4 quokkas
  7 frilled lizards
  10 kobolds
  7 rats
100 creatures vanquished.

Vanquished Creatures (others)
  A bat (D:3)
1 creature vanquished.

Grand Total: 101 creatures vanquished

Notes
Turn   | Place    | Note
-------+----------+-------------------------------------------
     0 | D:1      | qw the Djinni Hunter began the quest for the Orb.
     0 | D:1      | Reached XP level 1. HP: 18/18 MP: 0/0
     0 | D:1      | 0 ||| qw: Version: 0.3-a-132-g3d54051
     0 | D:1      | 0 ||| qw: Game counter: 622
     0 | D:1      | 0 ||| qw: Melee chars always use a shield: true
     0 | D:1      | 0 ||| qw: God list: Okawaru
     0 | D:1      | 0 ||| qw: Allow faded altars: false
     0 | D:1      | 0 ||| qw: Do Orc after clearing Dungeon:15 true
     0 | D:1      | 0 ||| qw: Do second Lair branch before Depths: true
     0 | D:1      | 0 ||| qw: Lair rune preference: random
     0 | D:1      | 0 ||| qw: Goals: Normal
     0 | D:1      | 0 ||| PLANNING D:1-11
    28 | D:1      | Reached XP level 2. HP: 19/23 MP: 0/0
   195 | D:1      | Reached XP level 3. HP: 28/28 MP: 0/0
   195 | D:1      | Learned a level 1 spell: Sting
   217 | D:1      | Reached skill level 4 in Ranged Weapons
   569 | D:1      | 569 ||| UPGRADING to +0 ring mail.
   579 | D:1      | 579 ||| DROPPING +0 leather armour.
   580 | D:1      | 580 ||| READING scroll labelled OPLUXOAGH.
   631 | D:1      | 631 ||| READING scroll labelled OCALOE MUUVI.
   632 | D:1      | 632 ||| READING scroll labelled BYEQIGA FALOJO.
   632 | D:1      | 632 ||| IDENTIFYING pink potion
   633 | D:1      | 633 ||| READING scroll labelled KEOTTI WOSUAST.
   634 | D:1      | 634 ||| DROPPING scroll of butterflies.
   718 | D:2      | Reached skill level 1 in Armour
   733 | D:2      | Reached XP level 4. HP: 34/34 MP: 0/0
   805 | D:2      | 805 ||| FLEEEEING.
   992 | D:2      | Reached skill level 3 in Fighting
  1020 | D:2      | Found a faded altar of an unknown god.
  1378 | D:2      | 1378 ||| UPGRADING to +0 helmet.
  1383 | D:2      | 1383 ||| UPGRADING to +6 ring of strength.
  1384 | D:2      | 1384 ||| READING 2 scrolls of identify.
  1384 | D:2      | 1384 ||| IDENTIFYING lumpy grey potion
  1385 | D:2      | 1385 ||| READING scroll of identify.
  1385 | D:2      | 1385 ||| IDENTIFYING fuming dark potion
  1386 | D:2      | 1386 ||| READING scroll labelled YGUNOU DEMOMEPN.
  1487 | D:2      | 1487 ||| DRINKING 2 glowing clear potions.
  1488 | D:2      | 1488 ||| DRINKING silvery potion.
  1489 | D:2      | 1489 ||| DRINKING smoky dark potion.
  1489 | D:2      | Gained mutation: Your spells are a little easier to cast,
                  | but a little less powerful. [potion of mutation]
  1489 | D:2      | Gained mutation: You are very vulnerable to cold. (rC--)
                  | [potion of mutation]
  1489 | D:2      | Gained mutation: Your movements are slightly less
                  | encumbered by armour. (ER -2) [potion of mutation]
  1491 | D:2      | 1491 ||| DROPPING potion of ambrosia.
  1492 | D:2      | 1492 ||| DROPPING potion of magic.
  1514 | D:3      | Reached skill level 3 in Dodging
  1514 | D:3      | Reached XP level 5. HP: 40/40 MP: 0/0
  1514 | D:3      | Learned a level 2 spell: Blink
  1533 | D:3      | HP: 9/40 [something (3)]
  1534 | D:3      | 1534 ||| FLEEEEING.
  1535 | D:3      | 1535 ||| STAIRDANCE
  1544 | D:2      | HP: 6/40 [something (2)]
  1545 | D:2      | 1545 ||| DRINKING 2 potions of heal wounds.
  1548 | D:2      | 1548 ||| FLEEEEING.
  1551 | D:2      | 1551 ||| STAIRDANCE
  1641 | D:2      | 1641 ||| STAIRDANCE
  1712 | D:3      | HP: 9/40 [iguana (11)]
  1713 | D:3      | 1713 ||| DRINKING potion of heal wounds.
  1766 | D:3      | 1766 ||| FLEEEEING.
  1800 | D:3      | 1800 ||| FLEEEEING.
  1809 | D:3      | 1809 ||| STAIRDANCE
  1887 | D:2      | 1887 ||| DROPPING ring of wizardry.
  1950 | D:3      | HP: 10/40 [frozen (3)]
  1951 | D:3      | Reached XP level 6. HP: 11/46 MP: 0/0
  1962 | D:3      | 1962 ||| FLEEEEING.
  2184 | D:3      | Reached skill level 5 in Ranged Weapons
  2212 | D:3      | Found an iron altar of Okawaru.
  2213 | D:3      | 2213 ||| PLANNING OKAWARU WORSHIP
  2213 | D:3      | 2213 ||| UPGRADING to +2 cloak.
  2220 | D:3      | 2220 ||| DRINKING fizzy white potion.
  2238 | D:3      | Became a worshipper of Warmaster Okawaru
  2239 | D:3      | 2239 ||| PLANNING D:1-11
  2262 | D:3      | Noticed Ijyb
  2272 | D:3      | Paralysed by Ijyb for 5 turns
  2282 | D:3      | Killed Ijyb
  2287 | D:3      | 2287 ||| FLEEEEING.
  2505 | D:3      | Found an opulent altar of Gozag.
  2883 | D:4      | Found a shadowy altar of Dithmenos.
  3095 | D:4      | 3095 ||| FLEEEEING.
  3096 | D:4      | 3096 ||| FLEEEEING.
  3097 | D:4      | 3097 ||| FLEEEEING.
  3109 | D:4      | HP: 10/47 [orc/+0 hand axe (3)]
  3110 | D:4      | 3110 ||| DRINKING potion of heal wounds.
  3245 | D:4      | Reached XP level 7. HP: 52/52 MP: 0/0
  3245 | D:4      | Learned a level 3 spell: Dazzling Flash
  3245 | D:4      | Found Zeug Ilu's Book Shop.
  3250 | D:4      | Found Vobe Delir's General Store.
  3250 | D:4      | Found Gyanad's Magic Scroll Shop.
  3251 | D:4      | Found Vowoadd's Jewellery Shop.
  3261 | D:4      | 3261 ||| BUYING scroll of identify (22 gold).
  3261 | D:4      | Bought a scroll of identify for 22 gold pieces
  3261 | D:4      | 3261 ||| BUYING scroll of identify (22 gold).
  3261 | D:4      | Bought a scroll of identify for 22 gold pieces
  3261 | D:4      | 3261 ||| BUYING scroll of identify (22 gold).
  3261 | D:4      | Bought a scroll of identify for 22 gold pieces
  3265 | D:4      | 3265 ||| SHOPLISTING amulet of faith (560 gold, have 178).
  3265 | D:4      | 3265 ||| SHOPLISTING amulet of reflection (420 gold, have
                  | 178).
  3265 | D:4      | 3265 ||| SHOPLISTING amulet of regeneration (420 gold, have
                  | 178).
  3265 | D:4      | 3265 ||| SHOPLISTING ring of ice (350 gold, have 178).
  3265 | D:4      | 3265 ||| SHOPLISTING ring of see invisible (210 gold, have
                  | 178).
  3269 | D:4      | 3269 ||| BUYING potion of curing (36 gold).
  3269 | D:4      | Bought a potion of curing for 36 gold pieces
  3269 | D:4      | 3269 ||| BUYING potion of haste (120 gold).
  3269 | D:4      | Bought a potion of haste for 120 gold pieces
  3269 | D:4      | 3269 ||| SHOPLISTING ring "Wumn" {Fire ^Drain +Blink SInv}
                  | (451 gold, have 22).
  3821 | D:4      | Found a sparkling altar of Nemelex Xobeh.
  3829 | D:4      | 3829 ||| FLEEEEING.
  3864 | D:5      | Entered Level 5 of the Dungeon
  3877 | D:5      | Noticed Dowan
  3878 | D:5      | Noticed Duvessa
  3887 | D:5      | 3887 ||| DRINKING 2 potions of haste.
  3892 | D:5      | HP: 5/52 [Duvessa/+2 short sword of electrocution (17)]
  3894 | D:5      | HP: 1/52 [Duvessa/+2 short sword of electrocution (4)]
  3896 | D:5      | Slain by Duvessa

Levels and vault maps discovered:
D:1:      scummos_arrival_checkerplants, layout_rooms, minmay_indecisive_spiral
D:2:      layout_loops_ring, shapermc_ecumenical_altar_petra,
          hangedman_decor_points, bh_walls_and_bars
D:3:      layout_loops_ring, okawaru_trees_1, fiery_altar_vehumet,
          lemuel_crystal_altar, minmay_stone_trees_small,
          minmay_randomly_rotated_circles, uniq_ijyb
D:4:      layout_layer_cave, grunt_dithmenos_smoke, jmf_multi_god_temple2,
          minmay_shop_grid_forest
D:5:      layout_rooms, lemuel_zombie_altar_yredelemnul,
          kiku_gazebo_garden_becter, ebering_ghost_sewer_d, uniq_edmund,
          uniq_duvessa

Skill      XL: |  1  2  3  4  5  6 |
---------------+-------------------+-----
Ranged Weapons | 4 5 |  5.8
Armour         | 1 |  1.0
Fighting       | 3 4 |  4.2
Dodging        | 3 |  3.0
Stealth        | |  0.7

Action                     |  1- 3 |  4- 6 |  7- 9 || total
---------------------------+-------+-------+-------++-------
   Fire: Shortbow          |   105 |   261 |    41 ||   407
    Use: Scroll            |     4 |     3 |       ||     7
         Potion            |       |     7 |     1 ||     8
 Armour: Leather armour    |    23 |       |       ||    23
         Ring mail         |     2 |   151 |    19 ||   172
  Dodge: Dodged            |    27 |   141 |    20 ||   188

Table legend:
 A = Non-vault XP
 B = Vault XP
 C = Vault XP percentage of total XP
 D = Non-vault monster count
 E = Vault monster count
 F = Vault count percentage of total count
                 A         B        C        D         E       F
            +---------+---------+-------+---------+---------+-------
      Total |     585 |     105 |  15.2 |      84 |      17 |  16.8
            +---------+---------+-------+---------+---------+-------
        D:1 |      77 |       5 |   6.1 |      25 |       4 |  13.8
        D:2 |      92 |       0 |   0.0 |      24 |       0 |   0.0
        D:3 |     149 |      55 |  27.0 |      11 |      11 |  50.0
        D:4 |     163 |      45 |  21.6 |      20 |       2 |   9.1
        D:5 |     104 |       0 |   0.0 |       4 |       0 |   0.0
            +---------+---------+-------+---------+---------+-------
